 Dungeon Crawl Stone Soup version 0.28.0-53-g5a82cb258f (webtiles) character file.

Game seed: 13964809255958367326

148 Zeld the Conjurer (level 5, -5/37 HPs)
             Began as a Gnoll Conjurer on June 7, 2022.
             Slain by a phantom (8 damage)
             ... on level 4 of the Dungeon.
             The game lasted 00:02:20 (2818 turns).

Zeld the Conjurer (Gnoll Conjurer)                  Turns: 2818, Time: 00:02:20

Health: -5/37      AC:  2    Str:  7    XL:     5   Next: 30%
Magic:  2/12       EV: 13    Int: 19    God:
Gold:   97         SH:  0    Dex: 10    Spells: 1/14 levels left

rFire   . . .      SeeInvis .     - Unarmed
rCold   . . .      Faith    .   (no shield)
rNeg    . . .      Spirit   .   a - +0 robe
rPois   .          Reflect  .   (no helmet)
rElec   .          Harm     .   (no cloak)
rCorr   .          Rampage  .   (no gloves)
Will    .....                   (no boots)
Stlth   ++........              (no amulet)
HPRegen 0.12/turn               (no ring)
MPRegen 0.13/turn               (no ring)

@: no status effects
A: fangs 1, strong nose, distributed training
a: no special abilities


You were on level 4 of the Dungeon.
You visited 1 branch of the dungeon, and saw 4 of its levels.

You collected 97 gold pieces.

Inventory:

Armour
 a - a +0 robe (worn)
Jewellery
 j - an amulet of magic regeneration
Scrolls
 d - 3 scrolls of teleportation {unknown}
 f - 2 scrolls of enchant weapon {unknown}
 i - a scroll of identify {unknown}
 k - a scroll of magic mapping {unknown}
Potions
 b - a potion of might {unknown}
 c - a potion of haste {unknown}
 e - 2 potions of brilliance {unknown}
 g - a potion of flight {unknown}
 h - a potion of mutation {unknown}
 l - a potion of curing {unknown}


   Skills:
 + Level 1.4 Fighting
 + Level 1.4 Short Blades
 + Level 1.4 Long Blades
 + Level 1.4 Axes
 + Level 1.4 Maces & Flails
 + Level 1.4 Polearms
 + Level 1.4 Staves
 + Level 1.4 Slings
 + Level 1.4 Bows
 + Level 1.4 Crossbows
 + Level 1.4 Throwing
 + Level 1.4 Armour
 + Level 4.7 Dodging
 + Level 4.4 Stealth
 + Level 1.4 Shields
 + Level 1.4 Unarmed Combat
 + Level 5.2 Spellcasting
 + Level 7.2 Conjurations
 + Level 1.1 Hexes
 + Level 1.1 Summonings
 + Level 1.1 Necromancy
 + Level 1.1 Translocations
 + Level 1.1 Transmutations
 + Level 1.1 Fire Magic
 + Level 1.1 Ice Magic
 + Level 1.1 Air Magic
 + Level 1.1 Earth Magic
 + Level 1.1 Poison Magic
 + Level 1.6 Invocations
 + Level 1.4 Evocations


You had one spell level left.
You knew the following spells:

 Your Spells              Type           Power      Damage    Failure   Level
a - Magic Dart            Conj           100%       1d8       1%          1
b - Searing Ray           Conj           64%        2d6       1%          2
c - Fulminant Prism       Conj/Hex       10%        3d9       22%         4
d - Iskenderun's Mystic   Conj/Tloc      20%        2d6       22%         4
z - Passwall              Tmut/Erth      7%         N/A       12%         2

Your spell library contained the following spells:

 Spells                   Type           Power      Damage    Failure   Level
 Slow                     Hex            36%        N/A       8%          1
 Dazzling Flash           Conj/Hex       40%        N/A       7%          3
 Ensorcelled Hibernation  Hex/Ice        18%        N/A       12%         2
 Confusing Touch          Hex            9%         N/A       22%         3
 Swiftness                Air            9%         N/A       22%         3
 Vampiric Draining        Necr           9%         2d6       22%         3


Dungeon Overview and Level Annotations

Branches:
Dungeon (4/15)
 Temple: D:4-7

Altars:

Shops:
D:1 [   D:2 [=   D:3 [:[?


Innate Abilities, Weirdness & Mutations

You have very sharp teeth.
Your uncanny sense of smell can sniff out nearby items.
Your experience applies equally to all skills.


Message History

You kill the orc!
You hear a shout!
Unknown command.
Casting: Iskenderun's Mystic Blast (extremely dangerous; 22% risk of failure)
Confirm with . or Enter, or press ? or * to list all spells.
Aiming: Searing Ray (safe; 1% risk of failure)
Press: ? - help, Shift-Dir - straight line, f - orc priest
Aim: an orc priest, wielding a +0 dagger (heavily wounded, 81% to hit)
The searing ray hits the orc priest!
You kill the orc priest! (Press . to maintain the ray.)
You are no longer locked in place.
The searing ray hits the orc!
You kill the orc!
The orc barely misses you.
Casting: Searing Ray (safe; 1% risk of failure)
Confirm with . or Enter, or press ? or * to list all spells.
Aiming: Magic Dart (safe; 1% risk of failure)
Press: ? - help, Shift-Dir - straight line, f - orc
Aim: an orc, wielding a +0 flail (heavily wounded, 100% to hit)
The magic dart hits the orc.
The orc is heavily wounded.
The orc hits you but does no damage.
Unknown command.
You hit the orc but do no damage.
The orc is heavily wounded.
A goblin comes into view. It is wielding a +0 club.
The orc barely misses you. The phantom hits you!
The phantom blinks!
You blink.
The goblin moves out of view.
You closely miss the phantom. Your bite misses the phantom.
The phantom hits you!
You are too injured to fight recklessly!
The phantom hits you.
The phantom blinks!
You blink.
Your magical contamination has completely faded away.
The phantom hits you!
* * * LOW HITPOINT WARNING * * *
The orc hits you with a +0 flail.
* * * LOW HITPOINT WARNING * * *
You barely miss the goblin. The phantom hits you!
You die...

#.....[......#..
#...#....#.....#
##..........#.g#
##....##).....#
......##......#
............).#
....#....#...######
...............g..#
#......$.......o@.#
#....##........W..##
#################..#
####


You could see a phantom, an orc and a goblin.

Vanquished Creatures
  An orc priest (D:4)
  Ijyb (D:3)
  A hound skeleton (D:4)
  An adder (D:2)
  2 worms (D:3)
  3 dart slugs
  4 orcs
  7 ball pythons
  8 endoplasms
  2 giant cockroaches (D:1)
  3 goblins
  7 hobgoblins
  3 jackals (D:1)
  A quokka (D:4)
  A frilled lizard (D:1)
  4 kobolds
  2 rats (D:2)
51 creatures vanquished.

Vanquished Creatures (others)
  3 fungi (D:2)
  8 plants (D:2)
11 creatures vanquished.

Grand Total: 62 creatures vanquished

Notes
Turn   | Place    | Note
-------+----------+-------------------------------------------
     0 | D:1      | Zeld the Gnoll Conjurer began the quest for the Orb.
     0 | D:1      | Reached XP level 1. HP: 13/13 MP: 6/6
   331 | D:1      | Reached XP level 2. HP: 19/19 MP: 3/7
   931 | D:1      | Reached XP level 3. HP: 25/25 MP: 6/9
   934 | D:1      | Learned a level 2 spell: Searing Ray
   998 | D:1      | Reached skill level 5 in Spellcasting
  1034 | D:1      | Found Vuseir's Antique Armour Shop.
  1610 | D:2      | Found Yvotaaxo's Antique Armour Shop.
  1632 | D:2      | Reached skill level 1 in Invocations
  1829 | D:2      | Found Cimaemeff's Jewellery Boutique.
  1842 | D:3      | Found Join's Antique Armour Boutique.
  1846 | D:3      | Reached skill level 1 in Fighting
  1846 | D:3      | Reached skill level 1 in Short Blades
  1846 | D:3      | Reached skill level 1 in Long Blades
  1846 | D:3      | Reached skill level 1 in Axes
  1846 | D:3      | Reached skill level 1 in Maces & Flails
  1846 | D:3      | Reached skill level 1 in Polearms
  1846 | D:3      | Reached skill level 1 in Staves
  1846 | D:3      | Reached skill level 1 in Slings
  1846 | D:3      | Reached skill level 1 in Bows
  1846 | D:3      | Reached skill level 1 in Crossbows
  1846 | D:3      | Reached skill level 1 in Throwing
  1846 | D:3      | Reached skill level 1 in Armour
  1846 | D:3      | Reached skill level 1 in Shields
  1846 | D:3      | Reached skill level 1 in Unarmed Combat
  1846 | D:3      | Reached skill level 1 in Evocations
  2070 | D:3      | Reached XP level 4. HP: 32/32 MP: 9/11
  2110 | D:3      | Learned a level 4 spell: Fulminant Prism
  2115 | D:3      | Learned a level 4 spell: Iskenderun's Mystic Blast
  2118 | D:3      | Learned a level 2 spell: Passwall
  2242 | D:3      | Found Musuo's Book Shoppe.
  2309 | D:3      | Found Soxyhido's Antique Armour Boutique.
  2332 | D:3      | Found Sylet's Magic Scroll Shop.
  2386 | D:3      | Noticed Ijyb
  2395 | D:3      | Killed Ijyb
  2396 | D:3      | Reached skill level 1 in Hexes
  2396 | D:3      | Reached skill level 1 in Summonings
  2396 | D:3      | Reached skill level 1 in Necromancy
  2396 | D:3      | Reached skill level 1 in Translocations
  2396 | D:3      | Reached skill level 1 in Transmutations
  2396 | D:3      | Reached skill level 1 in Fire Magic
  2396 | D:3      | Reached skill level 1 in Ice Magic
  2396 | D:3      | Reached skill level 1 in Air Magic
  2396 | D:3      | Reached skill level 1 in Earth Magic
  2396 | D:3      | Reached skill level 1 in Poison Magic
  2656 | D:4      | Reached XP level 5. HP: 21/37 MP: 6/12
  2801 | D:4      | Noticed a phantom
  2818 | D:4      | Slain by a phantom

Illustrated notes

Levels and vault maps discovered:
D:1:      giann_horns, layout_basic, serial_shops, shop
D:2:      layout_loops_cross, shapermc_ecumenical_altar_mp_ritualfount,
          serial_shops, nicolae_diamond_shop, nicolae_shop_behind_doors,
          nicolae_shop_hallway_stairs
D:3:      layout_loops_ring, serial_shops, shop, shop, nicolae_diamond_shop,
          nicolae_shop_crystal, nicolae_shop_crystal, serial_bayou_crossing,
          uniq_ijyb
D:4:      layout_cave_pods, minmay_misc_feat_tower, minivault_4,
          skrybe_limestone_x, minmay_mini_jars

Skill      XL: |  1  2  3  4 |
---------------+-------------+-----
Spellcasting   | 5 |  5.2
Invocations    | 1 |  1.6
Fighting       | 1 |  1.4
Short Blades   | 1 |  1.4
Long Blades    | 1 |  1.4
Axes           | 1 |  1.4
Maces & Flails | 1 |  1.4
Polearms       | 1 |  1.4
Staves         | 1 |  1.4
Slings         | 1 |  1.4
Bows           | 1 |  1.4
Crossbows      | 1 |  1.4
Throwing       | 1 |  1.4
Armour         | 1 |  1.4
Shields        | 1 |  1.4
Unarmed Combat | 1 |  1.4
Evocations     | 1 |  1.4
Hexes          | 1 |  1.1
Summonings     | 1 |  1.1
Necromancy     | 1 |  1.1
Translocations | 1 |  1.1
Transmutations | 1 |  1.1
Fire Magic     | 1 |  1.1
Ice Magic      | 1 |  1.1
Air Magic      | 1 |  1.1
Earth Magic    | 1 |  1.1
Poison Magic   | 1 |  1.1
Dodging        | |  4.7
Stealth        | |  4.4
Conjurations   | |  7.2

Action                   |  1- 3 |  4- 6 || total
-------------------------+-------+-------++-------
Melee: Unarmed           |    20 |    18 ||    38
       Bite              |     2 |     3 ||     5
 Cast: Magic Dart        |    61 |    25 ||    86
       Searing Ray       |     2 |     6 ||     8
       Iskenderun's Myst |       |     1 ||     1
 Stab: Sleeping          |     2 |       ||     2
Armor: Robe              |     7 |     6 ||    13
Dodge: Dodged            |    30 |    22 ||    52
